 Dungeon Crawl Stone Soup version 0.31-a0-851-g7ff8af7976 (webtiles) character file.

Game seed: 8061246584804426003

90 randomguy2701 the Conjurer (level 4, -8/24 HPs)
             Began as a Deep Elf Conjurer on Oct 7, 2023.
             Was a Plaything of Xom.
             Killed from afar by a white imp (11 damage)
             ... with a puff of frost
             ... summoned by Xom
             ... on level 3 of the Dungeon.
             The game lasted 00:03:02 (2688 turns).

randomguy2701 the Conjurer (Deep Elf Conjurer)      Turns: 2688, Time: 00:03:03

Health: -8/24      AC:  1    Str:  3    XL:     4   Next: 32%
Magic:  4/12       EV: 12    Int: 29    God:    Xom [....*.]
Gold:   168        SH:  0    Dex: 12    Spells: 8/11 levels left

rFire   . . .        (no weapon)
rCold   . . .        (no shield)
rNeg    . . .        a - +0 robe
rPois   .            (no helmet)
rElec   .            (no cloak)
rCorr   .            (no gloves)
SInv    .            (no boots)
Will    .....        (no amulet)
Stlth   ++           (no ring)
HPRegen 0.24/turn    (no ring)
MPRegen 0.13/turn

%: no passive effects
@: no status effects
A: fangs 1, clever 1, deformed body, screaming 1
a: Renounce Religion


You were on level 3 of the Dungeon.
You worshipped Xom.
You were a beloved toy of Xom.
You visited 1 branch of the dungeon, and saw 3 of its levels.

You collected 168 gold pieces.

Inventory:

Armour
 a - a +0 robe (worn)
Jewellery
 f - a ring of see invisible
 g - an amulet of the acrobat
 j - a ring of willpower
Wands
 i - a wand of quicksilver (8)
Scrolls
 c - a scroll of brand weapon {unknown}
 d - 2 scrolls of identify {unknown}
 e - a scroll of fog {unknown}
 k - a scroll of vulnerability {unknown}
 l - a scroll of enchant weapon {unknown}
 m - a scroll of immolation {unknown}
 n - a scroll of enchant armour {unknown}
Potions
 b - a potion of magic
 h - a potion of might {unknown}


   Skills:
 + Level 2.7 Dodging
 + Level 2.9 Stealth
 + Level 4.2 Spellcasting
 + Level 5.6 Conjurations


You had 8 spell levels left.
You knew the following spells:

 Your Spells              Type           Power      Damage    Failure   Level
a - Magic Dart            Conj           100%       1d8       1%          1
b - Searing Ray           Conj           76%        2d7       1%          2

Your spell library contained the following spells:

 Spells                   Type           Power      Damage    Failure   Level
 Dazzling Flash           Conj/Hex       44%        N/A       6%          3
 Stone Arrow              Conj/Erth      44%        3d9       6%          3
 Sandblast                Erth           12%        2d6       7%          1
 Passwall                 Tmut/Erth      5%         N/A       11%         2
 Iskenderun's Battlesphe  Conj           38%        2d9       19%         5
 Brom's Barrelling Bould  Conj/Erth      22%        2d4       22%         4
 Fulminant Prism          Conj/Hex       11%        3d9       22%         4
 Iskenderun's Mystic Bla  Conj/Tloc      22%        2d6       22%         4
 Fireball                 Conj/Fire      11%        3d7       52%         5
 Conjure Ball Lightning   Conj/Air       11%        3x3d6     97%         6
 Orb of Destruction       Conj           19%        9d8       99%         7


Dungeon Overview and Level Annotations

Branches:
Dungeon (3/15)

Altars:
Ashenzari
Xom


Innate Abilities, Weirdness & Mutations

You have very sharp teeth.
Your mind is acute. (Int +4, Str/Dex -1)
Armour fits poorly on your strangely shaped body.
You occasionally shout uncontrollably at your foes.


Message History

The magic dart hits the hobgoblin.
You kill the hobgoblin!
You can't see any susceptible monsters within range! (Use Z to cast anyway.)
You can't see any susceptible monsters within range! (Use Z to cast anyway.) Xom is getting BORED.
You are now a BORING thing.
You hear Xom's maniacal laughter.
You are now a beloved toy of Xom.
There are monsters nearby!
There are monsters nearby!
Casting: Magic Dart (safe; 1% risk of failure)
Confirm with . or Enter, or press ? or * to list all spells.
Aiming: Searing Ray (safe; 1% risk of failure)
Press: ? - help, Shift-Dir - straight line, f - white imp
Aim: a white imp (summoned, 81% to hit)
The searing ray misses the crimson imp.
The searing ray hits the white imp!
You kill the white imp!
The white imp degenerates into a cloud of primal chaos! (Press . to maintain the ray.)
The crimson imp closely misses you. The white imp hits you.
The white imp freezes you.
The searing ray misses the crimson imp.
The crimson imp hits you. The white imp hits you. The white imp freezes you.
The searing ray misses the crimson imp.
The crimson imp closely misses you. The white imp misses you.
The magic dart hits the crimson imp.
The crimson imp is moderately wounded.
The crimson imp hits you but does no damage.
The white imp hits you. The white imp freezes you.
* * * LOW HITPOINT WARNING * * *
You are too injured to fight recklessly!
Found a stone staircase leading down.
The crimson imp barely misses you.
You see here a hobgoblin corpse.
The crimson imp blinks!
The white imp gestures at you. The puff of frost hits you.
* * * LOW HITPOINT WARNING * * *
The crimson imp blinks!
The white imp gestures at you. The puff of frost hits you!
You die...

#...##.....# #...†..#
##...5..# #.......#
#.......### #.........#
#.......5.#
#+#+#.....###
.......@...#
....#......##.........#
....+......##.........#
....#......##.........#
.. #......##....J....#
#......##.........#
#......##.........#
#......##.........#
+......#


You could see a crimson imp (summoned) and a white imp (summoned).

Vanquished Creatures
  2 adders (D:2)
  2 dart slugs (D:3)
  6 ball pythons
  8 endoplasms
  4 giant cockroaches
  6 goblins
  3 hobgoblins
  6 jackals (D:2)
  8 kobolds
  4 quokkas
  6 bats
  A frilled lizard (D:1)
  3 rats (D:2)
59 creatures vanquished.

Notes
Turn   | Place    | Note
-------+----------+-------------------------------------------
     0 | D:1      | randomguy2701 the Deep Elf Conjurer began the quest for the
                  | Orb.
     0 | D:1      | Reached XP level 1. HP: 10/10 MP: 6/6
   263 | D:1      | Found a faded altar of an unknown god.
   278 | D:1      | Reached XP level 2. HP: 15/15 MP: 5/8
   280 | D:1      | Prayed at the altar of an unknown god.
   280 | D:1      | Became a worshipper of Xom of Chaos
   538 | D:1      | Reached skill level 5 in Conjurations
   710 | D:1      | XOM: silly message
   944 | D:2      | Found a broken altar of Ashenzari.
   948 | D:2      | Reached XP level 3. HP: 19/19 MP: 5/9
  1114 | D:2      | XOM: give mutations
  1114 | D:2      | Gained mutation: You have very sharp teeth. [Xom's
                  | mischief]
  1114 | D:2      | Gained mutation: Armour fits poorly on your strangely
                  | shaped body. [Xom's mischief]
  1114 | D:2      | Gained mutation: You occasionally shout uncontrollably at
                  | your foes. [Xom's mischief]
  1114 | D:2      | Gained mutation: Your mind is acute. (Int +4, Str/Dex -1)
                  | [Xom's mischief]
  1359 | D:2      | Learned a level 2 spell: Searing Ray
  1584 | D:2      | XOM: summons 3 hostile shadow creatures
  1840 | D:2      | XOM: 5-stop teleportation journey
  1933 | D:2      | XOM: stat loss: -1 Dex (11/12)
  1956 | D:2      | Reached XP level 4. HP: 24/24 MP: 9/12
  2640 | D:3      | XOM: 3-stop teleportation journey
  2676 | D:3      | XOM is BORED!
  2676 | D:3      | XOM: summons 3 hostile demons
  2688 | D:3      | Killed from afar by a white imp

Illustrated notes

Levels and vault maps discovered:
D:1:      eino_arrival_tree_alley, layout_basic,
          chequers_ecumenical_altar_simple
D:2:      layout_basic, basic_altar, chequers_serial_rivers_room_b
D:3:      layout_basic

Skill      XL: |  1  2  3 |
---------------+----------+-----
Conjurations   | 5 |  5.6
Spellcasting   | 4 |  4.2
Dodging        | |  2.7
Stealth        | |  2.9

Action                     |  1- 3 |  4- 6 || total
---------------------------+-------+-------++-------
   Cast: Magic Dart        |    95 |    28 ||   123
         Searing Ray       |     1 |     1 ||     2
 Armour: Robe              |    10 |     8 ||    18
  Dodge: Dodged            |     8 |     9 ||    17

Table legend: (Time is in decaauts)
 A = Elapsed time spent in this place.
 B = Non-inter-level travel time spent in this place.
 C = Inter-level travel time spent in this place.
 D = Time resting spent in this place.
 E = Time spent auto-exploring this place.
 F = Levels seen in this place.
 G = Mean time per level.
                   A        B        C        D        E       F      G
               +--------+--------+--------+--------+--------+-----+--------+
         Total |   2691 |   2631 |     60 |      0 |   2388 |   3 |  897.0 |
       Dungeon |   2691 |   2631 |     60 |      0 |   2388 |   3 |  897.0 |
               +--------+--------+--------+--------+--------+-----+--------+

Top non-repeatable levels by time:
     D:2: 1375 daAuts
     D:1: 944 daAuts
     D:3: 371 daAuts
